 Dungeon Crawl Stone Soup version 0.30-a0-364-gf6b3ef1049 (webtiles) character file.

Game seed: 3184500598567489292

10811 Ijustatesigmund the Thaumaturge (level 11, -17/60 HPs)
             Began as a Deep Elf Fire Elementalist on Nov 14, 2022.
             Was a Believer of Makhleb.
             Collided with a rock wall (19 damage)
             ... caused by a wretched star
             ... on level 2 of the Abyss.
             The game lasted 00:23:58 (10235 turns).

Ijustatesigmund the Thaumaturge (DEFE)             Turns: 10235, Time: 00:23:58

Health: -17/60     AC: 10    Str:  5    XL:     11   Next: 41%
Magic:  20/22      EV: 14    Int: 29    God:    Makhleb [**....]
Gold:   790        SH:  0    Dex: 13    Spells: 21/30 levels left

rFire   . . .      SeeInvis +    l - +8 sling "Amyguq" {elec, Dex+2}
rCold   . . .      Faith    .    (no shield)
rNeg    . . .      Spirit   .    a - +3 robe of Liberalism {Int+4}
rPois   .          Reflect  .    u - +1 helmet
rElec   .          Harm     .    (no cloak)
rCorr   .          Rampage  .    (no gloves)
Will    +....                    (no boots)
Stlth   ++........               q - amulet of the acrobat
HPRegen 0.30/turn                n - ring of see invisible
MPRegen 0.18/turn                w - +4 ring of protection

@: about to teleport
A: [clumsy 2], [deformed body], [low MP 2]
a: Renounce Religion, Minor Destruction


You were on level 2 of the Abyss.
You worshipped Makhleb.
Makhleb was pleased with you.
You visited 2 branches of the dungeon, and saw 11 of its levels.
You visited the Abyss 1 time.

You collected 1026 gold pieces.
You spent 236 gold pieces at shops.

Inventory:

Hand Weapons
 d - a +1 spear of flaming
 l - the +8 sling "Amyguq" (weapon) {elec, Dex+2}
   (You found it on level 2 of the Dungeon)

   Any ammunition fired from it occasionally discharges a powerful burst of
   electricity upon striking a foe.
   Dex:       It affects your dexterity (+2).
 I - a +5 dagger
Missiles
 v - 3 curare-tipped darts (quivered)
 G - a throwing net
Armour
 a - the +3 robe of Liberalism (worn) {Int+4}
   (You found it on level 4 of the Dungeon)

   Int:       It affects your intelligence (+4).
 u - a +1 helmet (worn)
Jewellery
 i - a ring of poison resistance
 n - a ring of see invisible (left hand)
 q - an amulet of the acrobat (around neck)
 t - a ring of fire
 w - a +4 ring of protection (right hand)
Wands
 m - a wand of quicksilver (17)
 o - a wand of charming (2)
 x - a wand of polymorph (11)
 y - a wand of roots (13)
 H - a wand of digging (6)
Scrolls
 c - a scroll of poison
 f - 2 scrolls of fear
 k - 4 scrolls of amnesia
 r - 2 scrolls of blinking
 z - 4 scrolls of identify
 A - 5 scrolls of teleportation
 C - a scroll of butterflies
 D - a scroll of immolation {unknown}
 E - a scroll of magic mapping
 F - a scroll of torment {unknown}
Potions
 b - 3 potions of magic
 e - 2 potions of ambrosia
 g - a potion of invisibility
 h - 5 potions of curing
 j - a potion of cancellation
 p - a potion of attraction
 s - 6 potions of haste
 B - a potion of heal wounds
 J - a potion of flight {unknown}
 K - a potion of brilliance {unknown}


   Skills:
 + Level 3.7 Fighting
 - Level 10.0 Ranged Weapons
 - Level 5.6 Dodging
 - Level 2.4 Stealth
 + Level 10.4 Spellcasting
 + Level 8.4 Conjurations
 + Level 1.0 Translocations
 + Level 9.0 Fire Magic
 + Level 7.3 Invocations
 - Level 3.2 Evocations


You had 21 spell levels left.
You knew the following spells:

 Your Spells              Type           Power      Damage    Failure   Level
a - Foxfire               Conj/Fire      100%       2x1d9     1%          1
b - Scorch                Fire           100%       2d10      1%          2
c - Flame Wave            Conj/Fire      60%        2d14      1%          4
d - Blink                 Tloc           40%        N/A       3%          2

Your spell library contained the following spells:

 Spells                   Type           Power      Damage    Failure   Level
 Magic Dart               Conj           100%       1d8       1%          1
 Momentum Strike          Conj/Tloc      84%        3d10      1%          2
 Inner Flame              Hex/Fire       41%        N/A       1%          3
 Kindle Blastsparks       Fire/Tloc/Air  68%        2d15      2%          3
 Mephitic Cloud           Conj/Pois/Air  31%        N/A       3%          3
 Call Imp                 Summ           15%        N/A       5%          2
 Lesser Beckoning         Tloc           40%        N/A       7%          3
 Leda's Liquefaction      Hex/Erth       7%         N/A       34%         4
 Lee's Rapid Deconstruct  Erth           7%         3d7*      69%         5
 Yara's Violent Unravell  Hex/Tmut       7%         3d5       69%         5
 Statue Form              Tmut/Erth      10%        N/A       99%         6
 Enfeeble                 Hex            7%         N/A       100%        7


Dungeon Overview and Level Annotations

Branches:
Dungeon (10/15)            Temple (1/1) D:7
   Lair: D:8-11         Orc: D:9-12

Altars:
Ashenzari
Cheibriados
Dithmenos
Elyvilon
Gozag
Hepliaklqana
Kikubaaqudgha
Makhleb
Nemelex Xobeh
Okawaru
Qazlal
Ru
Sif Muna
Trog
Uskayaw
Wu Jian
Xom
Yredelemnul
Zin
The Shining One

Shops:
D:3 [   D:5 *?

Annotations:
D:4 1 runed translucent door
D:7 2 transporters, paps's ghost, novice DESu


Innate Abilities, Weirdness & Mutations

[You are very clumsy. (Dex -4)]
[Armour fits poorly on your strangely shaped body.]
[Your magical capacity is very low. (-20% MP)]


Message History

You feel much better.
The wretched star glows turbulently.
The lance of force misses you.
The lance of force hits the small abomination!
The small abomination is knocked back by the lance of force.
The small abomination slams into the rock wall!
The small abomination is almost destroyed.
You shoot a sling bullet.
The sling bullet hits the small abomination.
Lightning courses through the small abomination!
You destroy the small abomination!
Makhleb accepts your kill.
You feel better.
Casting: Foxfire (safe; 1% risk of failure)
Confirm with . or Enter, or press ? or * to list all spells.
Flames lash the wretched star.
The wretched star resists.
The wretched star is moderately damaged.
The wretched star's fire resistance burns away.
You shoot a sling bullet.
The sling bullet hits the wretched star.
The wretched star is moderately damaged.
You shoot a sling bullet.
The sling bullet hits the wretched star.
The wretched star is heavily damaged.
The wretched star is no longer more vulnerable to fire.
The wretched star glows turbulently.
The lance of force hits you!!
You are knocked back by the lance of force.
You slam into the rock wall!
You are too injured to fight recklessly!
Aiming: Quicksilver Bolt
Press: ? - help, Shift-Dir - straight line, f/p - wretched star
Aim: a wretched star (heavily damaged, 74% to hit)
The bolt of dispelling energy misses the wretched star.
The wretched star glows turbulently.
The lance of force hits you!!
* * * LOW HITPOINT WARNING * * *
You are knocked back by the lance of force.
You slam into the rock wall!
You die...

..### #
## ....
..#.. #
##.####
#..*.@#
#.##....#
#. #..###
#.##..#
#.....#
#######


You could see a wretched star.

Vanquished Creatures
  3 two-headed ogres (D:9)
  Lodul (D:10)
  A necromancer (D:9)
  Pikel (D:5)
  A smoke demon (Abyss:2)
  Maurice (D:10)
  A troll (D:10)
  A hornet (D:7)
  A large abomination (Abyss:2)
  Sigmund (D:6)
  2 steam dragons
  2 small abominations (Abyss:2)
  Edmund (D:4)
  Menkaure (D:7)
  4 vampire mosquitoes (D:8)
  The ghost of Zarkath the Conjurer, an amateur DsFE of Gozag (D:3)
  An acid dragon (D:9)
  Duvessa (D:4)
  3 water moccasins
  2 orc warriors
  2 ice beasts
  A sky beast (D:6)
  A black bear (D:5)
  5 centaurs
  9 ogres
  3 phantoms
  4 kobold brigands
  2 bullfrogs
  Blork the orc (D:6)
  2 necrophages
  3 scorpions
  Dowan (D:4)
  5 killer bees (D:8)
  2 electric eels (D:7)
  2 howler monkeys
  5 hounds
  2 jellies
  4 orc priests
  4 gnoll boudas
  7 iguanas
  Ijyb (D:4)
  Terence (D:3)
  10 orc wizards
  5 polar bear simulacra (D:9)
  A wolf simulacrum (D:9)
  20 gnolls
  5 adders
  A river rat (D:3)
  2 shadow imps
  3 ufetubi
  2 worms
  4 dart slugs
  38 orcs
  6 ball pythons
  4 endoplasms
  2 giant cockroaches (D:3)
  11 goblins
  4 hobgoblins
  10 jackals
  17 kobolds
  4 quokkas
  10 bats
  4 frilled lizards
  4 rats
  5 river rat simulacra (D:9)
269 creatures vanquished.

Vanquished Creatures (others)
  An ogre (D:10)
  88 foxfires
  4 plants (D:7)
93 creatures vanquished.

Grand Total: 362 creatures vanquished

Notes
Turn   | Place    | Note
-------+----------+-------------------------------------------
     0 | D:1      | Ijustatesigmund the Deep Elf Fire Elementalist began the
                  | quest for the Orb.
     0 | D:1      | Reached XP level 1. HP: 10/10 MP: 6/6
   171 | D:1      | Reached XP level 2. HP: 16/16 MP: 4/8
   180 | D:1      | Learned a level 2 spell: Scorch
  1106 | D:1      | Reached XP level 3. HP: 18/20 MP: 8/10
  1526 | D:2      | Identified the +8 sling "Amyguq" {elec, Dex+2}
  1541 | D:2      | Reached skill level 1 in Fighting
  1733 | D:2      | Found a shimmering altar of Xom.
  2279 | D:3      | Reached XP level 4. HP: 25/25 MP: 11/11
  2284 | D:3      | Noticed Terence
  2287 | D:3      | Killed Terence
  2288 | D:3      | Reached skill level 1 in Ranged Weapons
  2589 | D:3      | Found Xoezayni's Armour Emporium.
  2601 | D:3      | Bought a +2 robe of positive energy for 191 gold pieces
  2875 | D:4      | Noticed an ice beast
  2878 | D:4      | Killed an ice beast
  2879 | D:4      | Reached XP level 5. HP: 29/29 MP: 9/14
  2912 | D:4      | Found a runed translucent door.
  2914 | D:4      | Noticed Zarkath's ghost (amateur DsFE)
  2940 | D:3      | Killed Zarkath's ghost
  2941 | D:3      | Reached skill level 5 in Spellcasting
  2941 | D:3      | Reached XP level 6. HP: 34/34 MP: 13/15
  2981 | D:3      | Reached skill level 5 in Fire Magic
  3086 | D:4      | Found a runed translucent door.
  3103 | D:4      | Noticed Pikel
  3143 | D:5      | Entered Level 5 of the Dungeon
  3143 | D:5      | Found Uxtocsam's General Store.
  3254 | D:5      | Reached XP level 7. HP: 38/38 MP: 17/17
  3371 | D:5      | Killed Pikel
  3372 | D:5      | Reached skill level 5 in Ranged Weapons
  3372 | D:5      | Reached skill level 5 in Conjurations
  3372 | D:5      | Reached XP level 8. HP: 21/43 MP: 14/20
  3458 | D:4      | Found a stormy altar of Qazlal.
  3638 | D:4      | Noticed Edmund
  3646 | D:4      | Killed Edmund
  3714 | D:4      | Identified the +3 robe of Liberalism {Int+4}
  3736 | D:4      | Learned a level 4 spell: Flame Wave
  4066 | D:4      | Noticed Duvessa
  4068 | D:4      | Killed Duvessa
  4139 | D:4      | Noticed Dowan
  4143 | D:4      | Killed Dowan
  4230 | D:4      | Noticed Ijyb
  4236 | D:4      | Killed Ijyb
  4394 | D:5      | Found a glowing silver altar of Zin.
  4604 | D:5      | Reached XP level 9. HP: 48/48 MP: 23/23
  4664 | D:5      | Found a sparkling altar of Nemelex Xobeh.
  4940 | D:5      | Found Neagami's Magic Scroll Boutique.
  4945 | D:5      | Bought a scroll of teleportation for 45 gold pieces
  5001 | D:5      | Found an ancient bone altar of Kikubaaqudgha.
  5659 | D:6      | Reached skill level 5 in Dodging
  5879 | D:6      | Noticed Blork the orc
  5880 | D:6      | Noticed Sigmund
  5882 | D:6      | Killed Blork the orc
  5898 | D:6      | Killed Sigmund
  6052 | D:6      | Found a snail-covered altar of Cheibriados.
  6288 | D:7      | Noticed Menkaure
  6290 | D:7      | Killed Menkaure
  6296 | D:7      | Found a staircase to the Ecumenical Temple.
  6367 | Temple   | Entered the Ecumenical Temple
  6452 | Temple   | Became a worshipper of Makhleb the Destroyer
  6515 | D:6      | Reached XP level 10. HP: 19/56 MP: 20/25
  6668 | D:7      | Reached skill level 1 in Evocations
  6677 | D:7      | Reached skill level 1 in Invocations
  6864 | D:7      | Noticed paps's ghost (novice DESu)
  6892 | D:7      | Found a transporter.
  6894 | D:7      | Found a transporter.
  7191 | D:7      | Found an iron altar of Okawaru.
  7593 | D:8      | Reached * piety under Makhleb
  7660 | D:8      | Reached skill level 10 in Spellcasting
  8960 | D:9      | Noticed a necromancer
  8965 | D:9      | Killed a necromancer
  9007 | D:9      | Noticed a two-headed ogre
  9011 | D:9      | Killed a two-headed ogre
  9012 | D:9      | Reached skill level 5 in Invocations
  9024 | D:9      | Noticed a two-headed ogre
  9032 | D:9      | Killed a two-headed ogre
  9033 | D:9      | Reached XP level 11. HP: 49/60 MP: 27/27
  9157 | D:9      | Noticed a two-headed ogre
  9167 | D:9      | Killed a two-headed ogre
  9537 | D:9      | Reached ** piety under Makhleb
  9615 | D:10     | Entered Level 10 of the Dungeon
  9837 | D:10     | Noticed Maurice
  9849 | D:10     | Killed Maurice
  9901 | D:10     | Noticed Lodul
  9918 | D:10     | Killed Lodul
  9927 | D:10     | Reached skill level 10 in Ranged Weapons
  9930 | D:10     | Learned a level 2 spell: Blink
  9958 | D:10     | Noticed a wizard
  9962 | Abyss:2  | Cast into level 2 of the Abyss (a wizard)
 10219 | Abyss:2  | Noticed a wretched star
 10229 | Abyss:2  | Reached skill level 1 in Translocations
 10235 | Abyss:2  | HP: 2/60 [wretched star/lance of force (23)]
 10235 | Abyss:2  | Collided with a rock wall

Illustrated notes

Levels and vault maps discovered:
D:1:      elethiomel_arrival_shortcut, layout_basic
D:2:      layout_basic, basic_altar, kennysheep_generic_room_13
D:3:      layout_loops_ring, serial_shops,
          nicolae_shop_temple_entry_statues_fountains, uniq_terence
D:4:      layout_basic, nicolae_qazlal_eye_of_the_storm, ebering_ghost_sewer_f,
          uniq_duvessa, uniq_edmund, uniq_pikel, uniq_ijyb
D:5:      minmay_skewed_foursquare, layout_basic, amcnicky_altar_gilded,
          nicolae_kikubaaqudgha_miasma_corner, nemelex_diamond_rough_becter,
          serial_shops, nicolae_shop_advertising_works
          [nicolae_subvault_shop_adworks], kennysheep_little_box
D:6:      minmay_bubble_buster, layout_basic, mainiacjoe_overflow_cross_hatched,
          uniq_blork_the_orc, uniq_sigmund
D:7:      layout_loops_ring, mainiacjoe_overflow_alcove_2,
          minmay_temple_entry_statues_fountains, serial_bayou,
          serial_bayou_pond_e, serial_bayou_lagoon_a, serial_bayou_shore_b,
          serial_bayou_pond_b, serial_bayou_shore_b, gammafunk_ghost_hive,
          uniq_menkaure
D:8:      layout_basic
D:9:      layout_basic, minmay_door_square, corexii_corridor_pit,
          small_statue_intersection, eino_house_with_fridge
D:10:     layout_loops_corners, mainiacjoe_overflow_24_doors,
          nicolae_vehumet_altar_sigil, lair_entry_dummy, lightli_wizard_tower,
          uniq_maurice, uniq_lodul, uniq_sonja
Temple:   nicolae_temple_great_sept
Abyss:2:  base: D:2, minivault_24, hangedman_decor_peaks_small

Skill      XL: |  1  2  3  4  5  6  7  8  9 10 11 |
---------------+----------------------------------+-----
Fighting       | 1 2 3 |  3.7
Conjurations   | 2 3 4 5 6 7 8 |  8.4
Ranged Weapons | 2 3 4 5 6 8 10 | 10.0
Spellcasting   | 4 5 7 8 9 10 | 10.4
Fire Magic     | 4 5 6 7 8 9 |  9.0
Dodging        | 3 5 |  5.6
Evocations     | 3 |  3.2
Invocations    | 5 7 |  7.3
Translocations | 1 |  1.0
Stealth        | |  2.4

Action                   |  1- 3 |  4- 6 |  7- 9 | 10-12 || total
-------------------------+-------+-------+-------+-------++-------
Melee: Spear             |    12 |       |       |       ||    12
       Mace              |     1 |       |       |       ||     1
 Fire: Sling             |    23 |    65 |   231 |   276 ||   595
Throw: Dart              |       |     1 |       |     1 ||     2
 Cast: Foxfire           |    52 |       |     2 |     3 ||    57
       Scorch            |       |     6 |     7 |     4 ||    17
       Flame Wave        |       |       |       |     2 ||     2
Evoke: Wand              |       |       |       |    13 ||    13
  Use: Scroll            |    10 |     6 |     6 |     4 ||    26
       Potion            |       |     4 |     2 |     2 ||     8
Armor: Robe              |     7 |    18 |    38 |    26 ||    89
       Skin              |       |     1 |     2 |       ||     3
Dodge: Dodged            |    27 |    38 |    63 |    99 ||   227

Table legend: (Time is in decaauts)
 A = Elapsed time spent in this place.
 B = Non-inter-level travel time spent in this place.
 C = Inter-level travel time spent in this place.
 D = Time resting spent in this place.
 E = Time spent auto-exploring this place.
 F = Levels seen in this place.
 G = Mean time per level.
                   A        B        C        D        E       F      G
               +--------+--------+--------+--------+--------+-----+--------+
         Total |  10322 |   9999 |    323 |   1865 |   6602 |  12 |  860.2 |
       Dungeon |   9956 |   9655 |    301 |   1738 |   6440 |  10 |  995.6 |
        Temple |     95 |     74 |     21 |      0 |     63 |   1 |   95.0 |
         Abyss |    270 |    270 |      0 |    127 |     99 |   1 |  270.0 |
               +--------+--------+--------+--------+--------+-----+--------+

Top non-repeatable levels by time:
     D:1: 1463 daAuts
     D:9: 1269 daAuts
     D:6: 1172 daAuts
     D:5: 1160 daAuts
     D:4: 1081 daAuts
     D:8: 1022 daAuts
     D:7: 874 daAuts
     D:2: 820 daAuts
     D:3: 749 daAuts
    D:10: 344 daAuts
 Abyss:2: 270 daAuts
  Temple: 95 daAuts
